 Dungeon Crawl Stone Soup version 0.28.0-1-gb440e238dd (webtiles) character file.

Game seed: 4962812466792515141

362464 Colgate the Earth Mage (level 21, -26/190 HPs)
             Began as a Demonspawn Conjurer on Feb 18, 2022.
             Was a High Priest of Sif Muna.
             Hit by a large rock thrown by a stone giant (38 damage)
             ... on level 1 of the Depths on Feb 19, 2022.
             The game lasted 08:15:39 (71484 turns).

Colgate the Earth Mage (Demonspawn Conjurer)       Turns: 71484, Time: 08:15:40

Health: -26/190    AC:  9    Str:  8    XL:     21   Next: 52%
Magic:  0/40       EV: 15    Int: 33    God:    Sif Muna [*****.]
Gold:   645        SH:  9    Dex: 14    Spells: 3/50 levels left

rFire   + + .      SeeInvis +   a - staff of conjuration
rCold   . . .      Faith    +   q - +3 buckler {AC+3}
rNeg    . . .      Spirit   +   (no armour)
rPois   .          Reflect  .   I - +0 mask of the Dragon {Will+ Slay+3 SInv}
rElec   .          Harm     .   (cloak unavailable)
rCorr   .          Rampage  .   H - +2 pair of gloves of Insatiable Hunger {Regen+ Int+4 Dex+3}
Will    ++...                   (no boots)
Stlth   ++........              Z - amulet of faith
HPRegen 1.21/turn               y - ring of protection from fire
MPRegen 0.54/turn               L - ring of protection from fire

@: channelling, slightly contaminated, invisible
A: icy blue scales 2, ignite blood 3, robust 1, magic shield, magic
regeneration, magic link, weakness stinger 3, hooves 1, clumsy 1
}: 2/15 runes: decaying, gossamer
a: Renounce Religion, Channel Magic, Forget Spell, Divine Exegesis


You were on level 1 of the Depths.
You worshipped Sif Muna.
Sif Muna was extremely pleased with you.
You visited 7 branches of the dungeon, and saw 36 of its levels.
You visited the Abyss 1 time.
You also visited: Ice Cave.

You collected 4843 gold pieces.
You spent 4198 gold pieces at shops.

Inventory:

Hand Weapons
 s - the +8 mithril axe "Arga" {speed, Will+}
   (You found it on level 3 of the Swamp)

   Attacks with this weapon are significantly faster.
   Will:      It increases your willpower.
Missiles
 i - 15 javelins
 E - 10 curare-tipped darts
Armour
 q - a +3 buckler of protection (worn)
 H - the +2 pair of gloves of Insatiable Hunger (worn) {Regen+ Int+4 Dex+3}
   (You found it on level 7 of the Dungeon)

   Int:       It affects your intelligence (+4).
   Dex:       It affects your dexterity (+3).
   Regen:     It increases your rate of health regeneration.
 I - the +0 mask of the Dragon (worn) {Will+ Slay+3 SInv}
   (You bought it in a shop on level 2 of the Orcish Mines)

   Slay:      It affects your accuracy & damage with ranged weapons and melee
   (+3).
   SInv:      It lets you see invisible.
   Will:      It increases your willpower.
Magical Staves
 a - a staff of conjuration (weapon)
 b - a staff of earth
Jewellery
 j - a ring of magical power
 l - a ring of protection from cold
 r - a ring of flight
 w - a ring of protection from cold
 x - a +6 ring of intelligence
 y - a ring of protection from fire (left hand)
 C - a ring of positive energy
 K - the ring "Uthunim" {EV+4 Dex+4 Slay+2}
   (You bought it in a shop on level 1 of the Orcish Mines)

   [ring of evasion]

   EV:        It affects your evasion (+4).
   Dex:       It affects your dexterity (+4).
   Slay:      It affects your accuracy & damage with ranged weapons and melee
   (+2).
 L - a ring of protection from fire (right hand)
 Z - an amulet of faith (around neck)
Wands
 c - a wand of charming (28)
 o - a wand of paralysis (18)
 G - a wand of flame (50)
 M - a wand of polymorph (24)
 P - a wand of digging (4) {@v3}
 R - a wand of mindburst (24)
 W - a wand of iceblast (8) {@v2}
 X - a wand of acid (2) {@v1}
Scrolls
 e - 3 scrolls of magic mapping {@r5}
 f - 3 scrolls of holy word
 m - 6 scrolls of fog
 t - 3 scrolls of summoning
 z - a scroll of enchant armour
 A - 17 scrolls of teleportation {@r3}
 N - 5 scrolls of fear
 Q - 2 scrolls of silence
 T - 4 scrolls of immolation
Potions
 d - 6 potions of mutation
 g - 4 potions of magic
 h - 3 potions of cancellation
 k - 5 potions of flight
 n - 20 potions of curing {@q1}
 p - 4 potions of haste {@q4}
 u - 13 potions of attraction
 v - 6 potions of might {@q3}
 B - a potion of resistance {@q5}
 J - 3 potions of berserk rage
 O - 2 potions of brilliance
 S - 9 potions of ambrosia
 U - 11 potions of heal wounds {@q2}
 Y - a potion of invisibility
Miscellaneous
 D - a box of beasts
 F - a tin of tremorstones (2/2)
 V - a phantom mirror


   Skills:
 + Level 16.9 Fighting
 - Level 8.7 Dodging
 - Level 1.7 Stealth
 - Level 10.0 Shields
 - Level 15.2 Spellcasting
 - Level 18.0 Conjurations
 - Level 5.9 Hexes
 - Level 7.1 Summonings
 - Level 5.1 Necromancy
 - Level 3.1 Transmutations
 - Level 18.0 Earth Magic
 - Level 11.0 Invocations
 - Level 7.3 Evocations


You had 3 spell levels left.
You knew the following spells:

 Your Spells              Type           Power      Damage    Failure   Level
a - Orb of Destruction    Conj           60%        9d15      1%          7
b - Irradiate             Conj/Tmut      48%        3d29      1%          5
c - Lehudib's Crystal Sp  Conj/Erth      60%        10d14     9%          8
d - Lee's Rapid Deconstr  Erth           48%        3d24*     1%          5
e - Borgnjor's Vile Clut  Necr/Erth      39%        N/A       1%          5
f - Spellforged Servitor  Conj/Summ      52%        N/A       10%         7
g - Passwall              Tmut/Erth      63%        N/A       1%          2
h - Blink                 Tloc           50%        N/A       3%          2
t - Statue Form           Tmut/Erth      50%        N/A       4%          6

Your spell library contained the following spells:

 Spells                   Type           Power      Damage    Failure   Level
 Magic Dart               Conj           100%       1d8       0%          1
 Sandblast                Erth           100%       2d20      0%          1
 Searing Ray              Conj           100%       2d8       0%          2
 Stone Arrow              Conj/Erth      100%       3d13      0%          3
 Animate Skeleton         Necr           100%       N/A       1%          1
 Apportation              Tloc           50%        N/A       1%          1
 Beastly Appendage        Tmut           92%        N/A       1%          1
 Foxfire                  Conj/Fire      100%       2x1d9     1%          1
 Freeze                   Ice            100%       1d11      1%          1
 Shock                    Conj/Air       100%       1d9       1%          1
 Sting                    Tmut/Pois      100%       1d8       1%          1
 Call Imp                 Summ           64%        N/A       1%          2
 Corpse Rot               Necr/Air       84%        N/A       1%          2
 Ensorcelled Hibernation  Hex/Ice        88%        N/A       1%          2
 Static Discharge         Conj/Air       91%        N/A       1%          2
 Sublimation of Blood     Necr           56%        N/A       1%          2
 Wereblood                Tmut           46%        N/A       1%          2
 Call Canine Familiar     Summ           64%        N/A       1%          3
 Confusing Touch          Hex            59%        N/A       1%          3
 Conjure Flame            Conj/Fire      91%        6-21      1%          3
 Dazzling Flash           Conj/Hex       100%       N/A       1%          3
 Inner Flame              Hex/Fire       44%        N/A       1%          3
 Mephitic Cloud           Conj/Pois/Air  77%        N/A       1%          3
 Portal Projectile        Hex/Tloc       88%        N/A       1%          3
 Summon Guardian Golem    Hex/Summ       62%        N/A       1%          3
 Tukima's Dance           Hex            59%        N/A       1%          3
 Scorch                   Fire           50%        2d8       3%          2
 Spider Form              Tmut/Pois      35%        N/A       3%          3
 Frozen Ramparts          Ice            50%        1d7       6%          3
 Swiftness                Air            25%        N/A       6%          3
 Anguish                  Hex/Necr       28%        N/A       1%          4
 Animate Armour           Summ/Erth      100%       N/A       1%          4
 Cause Fear               Hex            29%        N/A       1%          4
 Flame Wave               Conj/Fire      91%        2d15      1%          4
 Fulminant Prism          Conj/Hex       51%        3d23      1%          4
 Hailstorm                Conj/Ice       91%        3d18      1%          4
 Iskenderun's Mystic Bla  Conj/Tloc      91%        2d18      1%          4
 Leda's Liquefaction      Hex/Erth       40%        N/A       1%          4
 Petrify                  Tmut/Erth      76%        N/A       1%          4
 Sticky Flame             Conj/Fire      91%        2d10      1%          4
 Fireball                 Conj/Fire      45%        3d18      1%          5
 Iskenderun's Battlesphe  Conj           100%       2d15      1%          5
 Lightning Bolt           Conj/Air       45%        1d65      1%          5
 Iron Shot                Conj/Erth      60%        9d11      1%          6
 Animate Dead             Necr           28%        N/A       2%          4
 Dispel Undead            Necr           56%        3d20      2%          4
 Summon Mana Viper        Hex/Summ       62%        N/A       3%          5
 Summon Ice Beast         Ice/Summ       48%        N/A       4%          4
 Summon Lightning Spire   Summ/Air       48%        N/A       4%          4
 Freezing Cloud           Conj/Ice/Air   38%        6-21      4%          5
 Agony                    Necr           56%        N/A       7%          5
 Excruciating Wounds      Necr           28%        N/A       7%          5
 Conjure Ball Lightning   Conj/Air       45%        3x3d16    8%          6
 Starburst                Conj/Fire      45%        6d13      8%          6
 Yara's Violent Unravell  Hex/Tmut       26%        3d11      9%          5
 Ice Form                 Ice/Tmut       35%        N/A       11%         4
 Blade Hands              Tmut           23%        N/A       16%         5
 Metabolic Englaciation   Hex/Ice        22%        N/A       16%         5
 Summon Cactus Giant      Summ           32%        N/A       16%         6
 Airstrike                Air            12%        N/A       21%         4
 Olgreb's Toxic Radiance  Pois           25%        N/A       21%         4
 Passage of Golubria      Tloc           25%        N/A       21%         4
 Alistair's Intoxication  Tmut/Pois      23%        N/A       28%         5
 Death Channel            Necr           28%        N/A       36%         6
 Manifold Assault         Tloc           25%        N/A       50%         5
 Monstrous Menagerie      Summ           32%        N/A       65%         7
 Summon Hydra             Summ           32%        N/A       65%         7
 Simulacrum               Ice/Necr       21%        N/A       71%         6
 Shatter                  Erth           48%        3d37*     77%         9
 Haunt                    Necr/Summ      30%        N/A       80%         7
 Enfeeble                 Hex            29%        N/A       83%         7
 Eringya's Noxious Bog    Tmut/Pois      17%        N/A       85%         6
 Dispersal                Tloc           12%        N/A       97%         6
 Malign Gateway           Summ/Tloc      24%        N/A       98%         7
 Ozocubu's Refrigeration  Ice            12%        4d7       100%        7
 Storm Form               Tmut/Air       17%        N/A       100%        7
 Borgnjor's Revivificati  Necr           28%        N/A       100%        8
 Discord                  Hex            29%        N/A       100%        8
 Ignition                 Fire           12%        3d6       100%        8
 Necromutation            Tmut/Necr      25%        N/A       100%        8
 Chain Lightning          Conj/Air       45%        3d60      100%        9
 Death's Door             Necr           28%        N/A       100%        9
 Dragon's Call            Summ           32%        N/A       100%        9
 Fire Storm               Conj/Fire      45%        8d12      100%        9


Dungeon Overview and Level Annotations

Branches:
Dungeon (15/15)            Temple (0/1) D:7            Lair (6/6) D:10
  Swamp (4/4) Lair:3       Spider (4/4) Lair:4        Slime (0/5) Lair:6
    Orc (2/2) D:9             Elf (0/3) Orc:2        Vaults (4/5) D:14
  Crypt (0/3) Vaults:3     Depths (1/4) D:15          IceCv (visited)

Altars:
Ashenzari
Cheibriados
Dithmenos
Fedhas
Kikubaaqudgha
Makhleb
Nemelex Xobeh
Okawaru
Ru
Sif Muna
Trog
Uskayaw
Vehumet
Zin

Shops:
D:1 !   D:4 !   D:12 (   Orc:1 *   Orc:2 :*[(!   Vaults:2 (   Vaults:3 =

Portals:
Hell: Depths:1

Annotations:
Spider:2 3 runed translucent doors, Anuqaetage's ghost, adept HOFi; Feguytzu's ghost, journeyman GrMo; robotcentaur's ghost, adept TeNe


Innate Abilities, Weirdness & Mutations

You are mostly covered in icy blue scales. (AC +3)
Your demonic aura causes all spilled blood to erupt in flames.
You are robust. (+10% HP)
When hurt, damage is shared between your health and your magic reserves.
You regenerate magic rapidly.
When low on magic, you restore magic in place of health.
You have a sharp stinger which inflicts weakening toxins.
You have large cloven feet.
You are clumsy. (Dex -2)


Message History

* * * LOW HITPOINT WARNING * * *
You hear a shout!
You feel much better. The hell hog breathes fire at you.
The fireball explodes!
The fireball engulfs you! You resist.
* * * LOW HITPOINT WARNING * * *
You hear a horrible gurgling sound! x2
Okay, then.
Okay, then.
Okay, then.
Okay, then.
Okay, then.
Here: a fire dragon The floor.
You fade into invisibility!
Your surroundings suddenly seem different.
Found 18 stones.
Found a stone staircase leading down.
Your transformation is almost over.
You feel stable enough to blink again.
A rakshasa comes into view. It is wielding a +0 whip.
A stone giant comes into view.
Here: a rakshasa, wielding a +0 whip and wearing a +0 robe The floor.
Here: a stone giant, quivering large rocks (asleep)
The floor.
Unknown command.
Casting: Blink (safe; 4% risk of failure)
Aiming: Orb of Destruction (mildly dangerous; 1% risk of failure)
Aim: a rakshasa, wielding a +0 whip and wearing a +0 robe You feel a surge of power!
The orb of destruction hits the rakshasa!!!
The rakshasa blinks!
The rakshasa weaves an illusion.
Casting: Orb of Destruction (mildly dangerous; 1% risk of failure)
Aiming: Orb of Destruction (mildly dangerous; 1% risk of failure)
Aim: a rakshasa, wielding a +0 whip and wearing a +0 robe (severely wounded)
You feel a surge of power!
You revert to your normal fleshy form.
The +2 pair of gloves of Insatiable Hunger {Regen+ Int+4 Dex+3} unmelds from your body.
The stone giant throws a large rock.
The large rock hits you!!!
You die...

...§.≈§≈≈..
....§§≈≈≈...............
≈≈≈.≈≈≈≈≈≈≈.............
≈C≈§≈≈...≈§≈....#.......
...≈≈≈.)..≈≈§...........
..≈≈≈≈.∩.≈≈≈§...(.......
....≈≈..§≈≈≈≈...........
...§§≈p.§≈≈......☼......
....≈§h≈≈≈......@.○*##.
.D..§≈≈§§≈........§....R
....§§≈≈≈...........C.#.
......≈≈.........#......
.)....≈§......>.....#...
≈≈.....§................
≈§§h....................
≈§≈§.............#.....
§§.§........≈..##.....


You could see a stone giant and a rakshasa (ally target).

Vanquished Creatures
  Mennas (Vaults:3)
  Sojobo (Vaults:2)
  Bai Suzhen (Swamp:4)
  A golden dragon (Vaults:3)
  Arachne (Spider:3)
  Asterion (Vaults:1)
  Frances (Spider:2)
  A thorn hunter (Swamp:1)
  2 tengu reavers (Vaults:2)
  An azure jelly (IceCv)
  2 shadow dragons
  A fenstrider witch (Swamp:2)
  A deep elf sorcerer (Vaults:3)
  2 fire giants
  2 orc warlords
  3 emperor scorpions (Spider:4)
  5 ghost moths (Spider:4)
  3 frost giants
  11 vault wardens
  2 quicksilver oozes (IceCv)
  3 war gargoyles
  19 ironbound preservers
  3 stone giants
  3 broodmothers
  7 very ugly things
  6 ironbound thunderhulks
  4 eleionomae
  5 entropy weavers
  A deep elf annihilator (Vaults:3)
  4 bunyips
  Azrael (Spider:2)
  7 dire elephants
  2 deep elf death magi (Vaults:3)
  2 crystal guardians
  Josephine (Lair:4)
  2 shambling mangroves (Swamp:3)
  2 deep elf high priests
  A great orb of eyes (Vaults:1)
  6 yaktaur captains
  4 peacekeepers
  6 boulder beetles
  10 ironbound frosthearts
  2 ice dragons (D:15)
  4 ghost crabs
  10 vault guards
  30 hydras
  2 radroaches
  Erica (D:8)
  A jorogumo (Spider:3)
  2 catoblepae
  5 two-headed ogres
  21 centaur warriors
  13 alligators
  10 death yaks (Lair:5)
  The ghost of 4FPSwarrior the Summoner, a novice BaSu of Cheibriados (D:7)
  A deep troll shaman (D:15)
  A deep troll earth mage (Depths:1)
  3 orc high priests (Orc:2)
  A spriggan berserker (Swamp:1)
  3 vampire magi (Vaults:3)
  2 hell hogs (Depths:1)
  A sun demon (D:15)
  A hell knight (Depths:1)
  3 soul eaters
  A storm dragon zombie (Vaults:4)
  A fire crab (D:14)
  3 skeletal warriors
  An iron troll (D:15)
  2 sun moths
  2 glowing orange brains (Vaults:3)
  3 pharaoh ants
  A death drake (Swamp:3)
  8 goliath frogs
  11 orb spiders
  4 steelbarb worms
  9 swamp dragons
  8 lindwurms
  14 bog bodies
  19 ironbound convokers
  An orange crystal statue (D:12)
  A phantasmal warrior (Vaults:3)
  A deep elf archer (Vaults:4)
  4 spriggan druids
  58 deep trolls
  Pikel (D:7)
  14 wizards
  A harpy (shapeshifter) (D:13)
  11 orc knights
  8 harpies
  6 deep elf pyromancers
  2 necromancers
  31 ugly things
  5 cyclopes
  A deep elf zephyrmancer (Vaults:4)
  27 wolf spiders
  5 orc sorcerers (Orc:2)
  A stone giant zombie (Vaults:4)
  7 will-o-the-wisps
  4 moths of wrath
  A frost giant zombie (Vaults:4)
  2 manticores
  A fire giant skeleton (Vaults:4)
  2 ice statues (IceCv)
  5 black mambas
  A centaur zombie (D:11)
  10 elephants
  2 gargoyles
  14 cane toads
  19 vault sentinels
  9 torpor snails
  A smoke demon (Depths:1)
  2 unseen horrors
  2 efreet
  13 yaktaurs
  2 komodo dragons (shapeshifter) (D:15)
  Maggie (D:7)
  2 nameless horrors (Vaults:3)
  8 demonic crawlers
  13 komodo dragons
  A kobold demonologist (D:12)
  A freezing wraith (D:14)
  4 entropy weaver simulacra (IceCv)
  9 meliai
  A yaktaur skeleton (Vaults:4)
  10 trolls
  21 hornets
  A bloated husk (Swamp:1)
  4 polar bears
  6 tyrant leeches
  A tarantella (shapeshifter) (D:15)
  17 blink frogs
  77 slime creatures
  A dream sheep (Lair:6)
  33 tarantellas
  31 jumping spiders
  A shadow (D:9)
  21 spriggans
  A vampire (D:13)
  4 wraiths (Lair:4)
  21 culicivoras
  A wyvern (Lair:5)
  3 fire elementals
  3 basilisks
  3 fire bats (Lair:6)
  8 humans (D:14)
  70 yaks
  52 redbacks
  2 steam dragons
  7 vampire mosquitoes
  Menkaure (D:6)
  A warg (Orc:1)
  18 water moccasins
  A demonic crawler simulacrum (IceCv)
  A hell hound (Spider:1)
  14 swamp worms
  2 acid dragons
  9 swamp drakes
  31 orc warriors
  8 black bears
  A necrophage (D:5)
  9 ogres
  4 ugly thing simulacra (IceCv)
  2 ice beasts (D:6)
  2 sky beasts
  48 wolves
  4 boggarts (Lair:6)
  12 centaurs
  A lemure (D:7)
  3 kobold brigands
  13 bullfrogs
  2 glowing shapeshifter simulacra (IceCv)
  7 gnoll sergeants
  5 scorpions
  4 wights (D:7)
  8 killer bees (D:8)
  A human simulacrum (Vaults:4)
  An electric eel (Spider:1)
  9 howler monkeys
  5 hounds
  A bullfrog zombie (D:6)
  A gnoll shaman (D:7)
  2 jellies
  18 orc priests
  2 bullfrog skeletons
  2 centaur skeletons
  An iguana (Lair:3)
  25 orc wizards
  5 hell rats (Lair:2)
  A hound skeleton (D:4)
  Robin (D:2)
  A howler monkey zombie (D:9)
  10 gnolls
  6 adders
  2 shadow imps
  An ufetubus (D:4)
  An adder skeleton (D:4)
  3 worms
  4 dart slugs
  82 orcs
  5 bats
  7 endoplasms
  13 giant cockroaches
  23 goblins
  6 hobgoblins
  6 jackals
  2 quokkas
  6 ball pythons
  5 frilled lizards
  14 kobolds
  A quokka skeleton (D:4)
  5 rats
1550 creatures vanquished.

Vanquished Creatures (collateral kills)
  Mara (Vaults:3)
  An ancient champion (Vaults:3)
  A vault warden (Vaults:3)
  3 ironbound preservers
  An ironbound thunderhulk (Vaults:3)
  A very ugly thing (Depths:1)
  An entropy weaver (Vaults:4)
  2 yaktaur captains (Vaults:4)
  An ice dragon (Depths:1)
  A centaur warrior (Vaults:3)
  A sun demon (D:15)
  A storm dragon zombie (Vaults:4)
  A soul eater (D:15)
  2 wizards
  5 deep trolls
  2 ironbound convokers
  2 harpies (Vaults:3)
  An ugly thing (Vaults:4)
  A necromancer (Vaults:4)
  An iron dragon skeleton (Vaults:4)
  2 vault sentinels
  2 smoke demons (Depths:1)
  6 yaktaurs
  2 slime creatures
  3 redbacks
  An orc warrior (Orc:2)
  A hell hound (Spider:2)
47 creatures vanquished.

Vanquished Creatures (others)
  A bloated husk (Swamp:2)
  A slime creature (D:13)
  2 spriggans (Swamp:4)
  2 humans (D:14)
  A swamp worm (Swamp:4)
  A briar patch (Swamp:1)
  A bush (Lair:3)
  25 foxfires
  477 fulminant prisms
  74 fungi
  57 plants
  A withered plant (D:6)
643 creatures vanquished.

Grand Total: 2240 creatures vanquished

Notes
Turn   | Place    | Note
-------+----------+-------------------------------------------
     0 | D:1      | Colgate the Demonspawn Conjurer began the quest for the
                  | Orb.
     0 | D:1      | Reached XP level 1. HP: 13/13 MP: 3/3
   356 | D:1      | Gained mutation: You regenerate magic rapidly. [demonic
                  | ancestry]
   356 | D:1      | Reached XP level 2. HP: 19/19 MP: 1/5
   466 | D:1      | Found Wafuim's Distillery.
   623 | D:1      | Learned a level 2 spell: Searing Ray
  1074 | D:1      | Found a faded altar of an unknown god.
  1082 | D:1      | Prayed at the altar of an unknown god.
  1082 | D:1      | Became a worshipper of Sif Muna the Loreminder
  1082 | D:1      | Reached * piety under Sif Muna
  1211 | D:1      | Reached skill level 5 in Conjurations
  1211 | D:1      | Reached XP level 3. HP: 12/24 MP: 1/6
  1771 | D:2      | Gained mutation: Your demonic aura sometimes causes spilled
                  | blood to erupt in flames. [demonic ancestry]
  1771 | D:2      | Reached XP level 4. HP: 30/30 MP: 2/7
  1845 | D:2      | Learned a level 4 spell: Fulminant Prism
  1874 | D:2      | Reached ** piety under Sif Muna
  1899 | D:2      | Noticed Robin
  1914 | D:2      | Killed Robin
  2284 | D:2      | Reached skill level 1 in Hexes
  3028 | D:3      | Identified the +5 rapier "Reuroloc" {drain, Int+4}
  3048 | D:3      | Reached XP level 5. HP: 35/35 MP: 3/8
  3296 | D:3      | Found a blossoming altar of Fedhas.
  3929 | D:4      | Found Ejaskil's Distillery.
  3973 | D:4      | Found a burning altar of Makhleb.
  4445 | D:4      | Reached XP level 6. HP: 41/41 MP: 7/9
  4473 | D:4      | Reached *** piety under Sif Muna
  4487 | D:4      | Found Ceal's Assorted Antiques.
  4705 | D:4      | Found a snail-covered altar of Cheibriados.
  5179 | D:4      | Bought a potion of curing for 30 gold pieces
  5179 | D:4      | Bought a potion of mutation for 80 gold pieces
  5273 | D:1      | Bought a potion of degeneration for 12 gold pieces
  5371 | D:5      | Entered Level 5 of the Dungeon
  5394 | D:5      | Reached skill level 5 in Hexes
  5485 | D:5      | Noticed a sky beast
  5575 | D:5      | Gained mutation: You have a small tail. [demonic ancestry]
  5575 | D:5      | Reached XP level 7. HP: 46/46 MP: 2/10
  6067 | D:5      | Found a bloodstained altar of Trog.
  6107 | D:5      | Found a sparkling altar of Nemelex Xobeh.
  6809 | D:5      | Found a shadowy altar of Dithmenos.
  6868 | D:5      | Found a radiant altar of Vehumet.
  7128 | D:6      | Reached skill level 1 in Invocations
  7128 | D:6      | Reached XP level 8. HP: 52/52 MP: 3/11
  7183 | D:6      | Noticed Menkaure
  7192 | D:6      | Killed Menkaure
  7508 | D:6      | Reached skill level 5 in Invocations
  8237 | D:6      | Found an ancient bone altar of Kikubaaqudgha.
  8458 | D:1      | Bought a potion of brilliance for 48 gold pieces
  8692 | D:7      | Noticed Pikel
  8810 | D:7      | Found a bloodstained altar of Trog.
  8810 | D:7      | Noticed a two-headed ogre
  8810 | D:7      | Noticed a moth of wrath
  8816 | D:7      | Noticed 4FPSwarrior's ghost (novice BaSu)
  8819 | D:7      | Found a transporter.
  8875 | D:7      | Noticed Maggie
  8882 | D:7      | Reached skill level 1 in Evocations
  8890 | D:7      | Killed Maggie
  8932 | D:7      | Gained mutation: You have a tail ending in a sharp stinger.
                  | [demonic ancestry]
  8932 | D:7      | Reached XP level 9. HP: 57/57 MP: 9/14
  8951 | D:7      | Found a transporter.
  9241 | D:7      | Reached skill level 5 in Evocations
  9464 | D:7      | Found a staircase to the Ecumenical Temple.
  9493 | D:7      | Killed Pikel
  9599 | D:7      | Identified the +2 pair of gloves of Insatiable Hunger
                  | {Regen+ Int+4 Dex+3}
 10207 | D:8      | Noticed Erica
 10412 | D:8      | Noticed a cyclops
 10420 | D:8      | Killed a cyclops
 10421 | D:8      | Reached XP level 10. HP: 63/63 MP: 12/16
 10514 | D:8      | Killed Erica
 10702 | D:8      | Reached skill level 5 in Fighting
 10959 | D:8      | Noticed a cyan ugly thing
 11035 | D:8      | Killed a cyan ugly thing
 12056 | D:9      | Found a broken altar of Ashenzari.
 12469 | D:9      | Reached **** piety under Sif Muna
 12599 | D:9      | Reached XP level 11. HP: 80/86 MP: 4/17
 12669 | D:9      | Reached skill level 10 in Conjurations
 12889 | D:9      | Found a hide-covered altar of Uskayaw.
 13043 | D:9      | Found a staircase to the Orcish Mines.
 13124 | D:10     | Entered Level 10 of the Dungeon
 13180 | D:10     | Noticed a two-headed ogre
 13197 | D:10     | Killed a two-headed ogre
 13198 | D:10     | Reached skill level 5 in Spellcasting
 13297 | D:10     | Noticed a two-headed ogre
 13305 | D:10     | Killed a two-headed ogre
 13632 | D:10     | Identified the +2 scale mail of Darkness {Str+2}
 13637 | D:10     | Found an iron altar of Okawaru.
 13906 | D:10     | Found a staircase to the Lair.
 14066 | D:11     | Noticed a four-headed hydra
 14131 | D:11     | Reached skill level 5 in Dodging
 14381 | D:11     | Killed a four-headed hydra
 15085 | D:12     | Noticed a deep elf pyromancer
 15146 | D:12     | Reached skill level 1 in Earth Magic
 15203 | D:12     | Gained mutation: When hurt, damage is shared between your
                  | health and your magic reserves. [demonic ancestry]
 15203 | D:12     | Reached XP level 12. HP: 92/92 MP: 11/19
 15215 | D:12     | Noticed a boulder beetle
 15246 | D:12     | Killed a boulder beetle
 15278 | D:12     | Found a frozen archway.
 15279 | D:12     | Found Viweorof's Antique Weapon Shop.
 15287 | IceCv    | Entered an ice cave
 15342 | IceCv    | Reached skill level 5 in Earth Magic
 15348 | IceCv    | Learned a level 5 spell: Lee's Rapid Deconstruction
 16198 | IceCv    | Noticed a quicksilver ooze
 16206 | IceCv    | Noticed a quicksilver ooze
 16210 | IceCv    | Killed a quicksilver ooze
 16247 | IceCv    | Killed a quicksilver ooze
 16330 | IceCv    | Noticed an azure jelly
 16337 | IceCv    | Killed an azure jelly
 16390 | IceCv    | Found a viscous altar of Jiyva.
 16426 | IceCv    | Got the Guide on Cold
 16430 | IceCv    | Got Ecke's Volume of Cold
 16431 | IceCv    | Identified the amulet of Juok {+Blink rF+ rC- Regen+}
 16686 | D:12     | Found a runed translucent door.
 16700 | D:12     | Found a runed translucent door.
 16713 | D:12     | Found a runed translucent door.
 16729 | D:12     | Found a runed translucent door.
 16862 | D:12     | Noticed a two-headed ogre
 16874 | D:12     | Killed a two-headed ogre
 17544 | Lair:1   | Entered Level 1 of the Lair of Beasts
 17573 | D:10     | Gained mutation: Your demonic aura often causes spilled
                  | blood to erupt in flames. [demonic ancestry]
 17573 | D:10     | Reached XP level 13. HP: 98/98 MP: 9/20
 17624 | D:10     | Reached skill level 10 in Earth Magic
 17863 | Lair:1   | Got Cuxemecu's Catalogue of Harmful Fire
 17942 | Lair:1   | Reached skill level 1 in Shields
 22364 | Lair:3   | Found a staircase to the Swamp.
 22682 | Lair:4   | Reached XP level 14. HP: 105/105 MP: 19/26
 23236 | Lair:4   | Reached ***** piety under Sif Muna
 23428 | Lair:4   | Noticed Josephine
 23431 | Lair:4   | Killed Josephine
 23479 | Lair:4   | Received a gift from Sif Muna
 23660 | Lair:4   | Found a hole to the Spider Nest.
 25106 | Lair:5   | Reached skill level 1 in Necromancy
 26297 | Lair:6   | Entered Level 6 of the Lair of Beasts
 27014 | Lair:5   | Reached skill level 5 in Necromancy
 28429 | Lair:6   | Received a gift from Sif Muna
 28672 | Lair:6   | Gained mutation: You are partially covered in icy blue
                  | scales. (AC +2) [demonic ancestry]
 28672 | Lair:6   | Reached XP level 15. HP: 106/110 MP: 21/28
 28840 | Lair:6   | Found a staircase to the Slime Pits.
 29128 | Lair:6   | Identified a scroll of acquirement
 29129 | Lair:6   | Acquired the +5 kite shield of Lugonu's Hope {rC+ rCorr}
 29158 | Lair:6   | Learned a level 5 spell: Borgnjor's Vile Clutch
 29427 | Lair:6   | Got the Tome of Evil Transmutation
 29957 | Lair:6   | Reached skill level 15 in Earth Magic
 30250 | Lair:6   | Found a staircase to the Slime Pits.
 30684 | Lair:6   | Learned a level 3 spell: Tukima's Dance
 30687 | Lair:6   | Learned a level 2 spell: Passwall
 30852 | Orc:1    | Entered Level 1 of the Orcish Mines
 30872 | D:9      | Received a gift from Sif Muna
 30878 | D:9      | Got Sif Muna's Incunabulum of the Damaging Birds {god gift}
 30886 | D:9      | Learned a level 6 spell: Iron Shot
 31399 | D:7      | Reached skill level 5 in Shields
 31520 | D:7      | Killed 4FPSwarrior's ghost
 31679 | Orc:2    | Entered Level 2 of the Orcish Mines
 31911 | Orc:2    | Found Ystraz's Distillery.
 31968 | Orc:2    | Found a staircase to the Elven Halls.
 32648 | Orc:2    | Noticed an orc warlord
 32665 | Orc:2    | Killed an orc warlord
 33777 | Orc:2    | Received a gift from Sif Muna
 33869 | Orc:2    | Got Sif Muna's Grimoire of Sinister Confrontation {god
                  | gift}
 34019 | Orc:2    | Found Cuvac's General Store.
 34020 | Orc:2    | Found Azyfum's Book Boutique.
 34022 | Orc:2    | Found Boutoh's Antique Armour Boutique.
 34022 | Orc:2    | Found Ibaly's Antique Weapon Shop.
 34679 | Orc:1    | Found Iclapiyb's Assorted Antiques.
 34765 | Orc:1    | Bought a warped steel ring for 140 gold pieces
 34765 | Orc:1    | Identified the ring "Uthunim" {EV+4 Dex+4 Slay+2} (You
                  | bought it in a shop on level 1 of the Orcish Mines)
 34863 | Orc:2    | Bought a thick robe for 205 gold pieces
 34863 | Orc:2    | Identified the +2 robe of the Guardian {*Corrode rN+ Will+}
                  | (You bought it in a shop on level 2 of the Orcish Mines)
 34868 | Orc:2    | Upgraded the game from 0.28.0 to 0.28.0-1-gb440e238dd
 35381 | D:1      | Bought a potion of curing for 36 gold pieces
 35381 | D:1      | Bought a potion of mutation for 96 gold pieces
 35476 | D:4      | Bought a potion of mutation for 80 gold pieces
 35476 | D:4      | Bought a potion of ambrosia for 80 gold pieces
 35640 | Orc:1    | Bought 3 scrolls of teleportation for 252 gold pieces
 35640 | Orc:1    | Bought a potion of curing for 84 gold pieces
 35738 | Orc:2    | Bought a potion of invisibility for 136 gold pieces
 35738 | Orc:2    | Bought a scroll of teleportation for 51 gold pieces
 35809 | Orc:2    | Bought a potion of curing for 33 gold pieces
 35809 | Orc:2    | Bought a potion of heal wounds for 55 gold pieces
 35809 | Orc:2    | Bought a potion of magic for 88 gold pieces
 35809 | Orc:2    | Bought a potion of brilliance for 44 gold pieces
 35809 | Orc:2    | Bought a potion of curing for 33 gold pieces
 35809 | Orc:2    | Bought a potion of curing for 33 gold pieces
 37121 | D:13     | Reached skill level 1 in Transmutations
 37816 | D:14     | Received a gift from Sif Muna
 37824 | D:14     | Got Sif Muna's Tome of Fetching Creation {god gift}
 38123 | D:14     | Reached skill level 10 in Spellcasting
 38451 | D:14     | Found a gate to the Vaults.
 38756 | D:14     | Found a gate to the Vaults.
 38837 | D:14     | Reached XP level 16. HP: 117/117 MP: 19/30
 39458 | D:14     | Found a gate to the Vaults.
 40218 | D:14     | Found a gate to the Vaults.
 40730 | Orc:2    | Bought a book of the Earth for 540 gold pieces
 40737 | Orc:2    | Learned a level 6 spell: Statue Form
 40746 | Orc:2    | Learned a level 5 spell: Irradiate
 40746 | Orc:2    | Acquired a staff of earth
 41115 | D:15     | Entered Level 15 of the Dungeon
 41592 | D:15     | Found a staircase to the Depths.
 41653 | D:15     | Cast into level 2 of the Abyss (a wizard)
 41664 | Abyss:2  | Found a corrupted altar of Lugonu.
 41670 | D:15     | Escaped the Abyss
 41837 | D:15     | Identified the +5 whip of Peinonun {drain, rPois Str-3
                  | Int+2}
 42093 | D:15     | Found a sacrificial altar of Ru.
 42398 | Swamp:1  | Entered Level 1 of the Swamp
 42834 | Lair:3   | Received a gift from Sif Muna
 43277 | Swamp:1  | Noticed a thorn hunter
 43282 | Swamp:1  | Killed a thorn hunter
 44498 | Swamp:2  | Gained mutation: You sometimes lose the ability to read
                  | scrolls when taking damage. [mutagenic glow]
 44535 | Swamp:2  | Lost mutation: You sometimes lose the ability to read
                  | scrolls when taking damage. [potion of mutation]
 44535 | Swamp:2  | Gained mutation: You are clumsy. (Dex -2) [potion of
                  | mutation]
 44535 | Swamp:2  | Gained mutation: You have large cloven feet. [potion of
                  | mutation]
 45157 | Swamp:3  | Found the +8 mithril axe "Arga" {speed, Will+}
 45698 | Swamp:3  | Identified the +6 great mace "Joth" {vorpal, *Rage Fly rF+
                  | Dex+8}
 46056 | Swamp:4  | Entered Level 4 of the Swamp
 46060 | Swamp:4  | Gained mutation: You are mostly covered in icy blue scales.
                  | (AC +3) [demonic ancestry]
 46060 | Swamp:4  | Reached XP level 17. HP: 125/125 MP: 14/31
 46151 | Swamp:4  | Noticed Bai Suzhen
 46164 | Swamp:4  | Killed Bai Suzhen
 46437 | Swamp:4  | Received a gift from Sif Muna
 47538 | Swamp:4  | Reached skill level 15 in Conjurations
 47621 | Swamp:4  | Found the +8 longbow "Zephyr" {speed, Dex+3 SInv}
 47809 | Swamp:4  | Got a decaying rune of Zot
 48026 | Swamp:4  | Received a gift from Sif Muna
 48027 | Swamp:4  | Got Sif Muna's Collected Works on Lethal Transmutation {god
                  | gift}
 49021 | Spider:1 | Entered Level 1 of the Spider Nest
 49364 | Spider:1 | Got the Grimoire of Supportive Feathers
 52306 | Spider:1 | Acquired 358 gold pieces
 52614 | Orc:2    | Bought the +0 mask of the Dragon {Will+ Slay+3 SInv} for
                  | 1202 gold pieces
 52614 | Orc:2    | Found the +0 mask of the Dragon {Will+ Slay+3 SInv}
 52987 | Spider:2 | Found a runed translucent gate.
 52988 | Spider:2 | Found a runed translucent gate.
 52988 | Spider:2 | Found a runed translucent gate.
 53070 | Spider:2 | Noticed Frances
 53278 | Spider:2 | Noticed Azrael
 53913 | Spider:2 | Killed Azrael
 53971 | Spider:2 | Killed Frances
 54231 | Spider:2 | Identified the +1 ring mail of Leblov {Int+3}
 54369 | Spider:2 | Noticed robotcentaur's ghost (adept TeNe)
 54369 | Spider:2 | Noticed Feguytzu's ghost (journeyman GrMo)
 54370 | Spider:2 | Noticed Anuqaetage's ghost (adept HOFi)
 55245 | Spider:3 | Gained mutation: When low on magic, you restore magic in
                  | place of health. [demonic ancestry]
 55245 | Spider:3 | Reached XP level 18. HP: 132/132 MP: 16/32
 55467 | Spider:3 | Received a gift from Sif Muna
 55497 | Spider:3 | Got Sif Muna's Reference Book on Dusty Execration {god
                  | gift}
 55830 | Spider:3 | Noticed Arachne
 55834 | Spider:3 | Killed Arachne
 56164 | Spider:4 | Entered Level 4 of the Spider Nest
 57336 | Spider:4 | Received a gift from Sif Muna
 57394 | Spider:4 | Got Sif Muna's Witchery in Simple Steps {god gift}
 57707 | Spider:4 | Identified the amulet of Tulips {Faith rN+ Will- Slay+3}
 58018 | Spider:4 | Got a gossamer rune of Zot
 58420 | D:14     | Learned a level 7 spell: Orb of Destruction
 58430 | Vaults:1 | Entered Level 1 of the Vaults
 58777 | Vaults:1 | Noticed Asterion
 58784 | Vaults:1 | Killed Asterion
 59254 | Vaults:1 | Received a gift from Sif Muna
 59259 | Vaults:1 | Reached skill level 10 in Fighting
 59315 | Vaults:1 | Got Sif Muna's Incunabulum of Clay and Unholy Magic {god
                  | gift}
 59342 | Vaults:1 | Gained mutation: Your demonic aura causes all spilled blood
                  | to erupt in flames. [demonic ancestry]
 59342 | Vaults:1 | Reached XP level 19. HP: 140/140 MP: 14/36
 60196 | Vaults:1 | Identified the +0 leather armour of Beedwe {rCorr Stlth+}
 60534 | Vaults:1 | You fall into a shaft and drop 1 floor!
 60559 | Vaults:2 | Found Laewo's Weapon Boutique.
 60723 | Vaults:2 | Learned a level 8 spell: Lehudib's Crystal Spear
 60892 | Vaults:2 | Received a gift from Sif Muna
 60900 | Vaults:2 | Got Sif Muna's Grimoire of Ashen Conjuration {god gift}
 61350 | Vaults:2 | Reached skill level 10 in Shields
 61459 | Vaults:2 | Noticed Sojobo
 61463 | Vaults:2 | Killed Sojobo
 62611 | Vaults:1 | Reached skill level 5 in Summonings
 64009 | Vaults:2 | Reached skill level 15 in Spellcasting
 64400 | Vaults:2 | Got the Compendium of the Voyage
 64546 | Vaults:2 | Learned a level 7 spell: Spellforged Servitor
 64549 | Vaults:2 | Learned a level 2 spell: Blink
 64651 | Vaults:2 | Gained mutation: You are robust. (+10% HP) [demonic
                  | ancestry]
 64651 | Vaults:2 | Reached XP level 20. HP: 161/161 MP: 33/39
 65257 | Vaults:3 | Noticed Mennas
 65475 | Vaults:3 | Received a gift from Sif Muna
 65490 | Vaults:3 | Got Sif Muna's Further Steps in Casting {god gift}
 65872 | Vaults:3 | Noticed Mara
 65881 | Vaults:3 | Noticed Colgate's illusion
 65882 | Vaults:3 | Killed Mara
 65893 | Vaults:3 | Killed Mennas
 66145 | Vaults:3 | Found a staircase to the Crypt.
 66553 | Vaults:3 | Received a gift from Sif Muna
 66576 | Vaults:3 | Got Sif Muna's Collected Works on the Oath and Fire {god
                  | gift}
 66725 | Vaults:3 | Found Xucatauk's Jewellery Boutique.
 66791 | Vaults:3 | Noticed a golden dragon
 66793 | Vaults:3 | Killed a golden dragon
 67190 | Orc:2    | Bought a Necronomicon for 840 gold pieces
 68422 | Vaults:4 | Reached skill level 10 in Invocations
 68734 | Vaults:4 | Gained mutation: You have a sharp stinger which inflicts
                  | weakening toxins. [demonic ancestry]
 68734 | Vaults:4 | Reached XP level 21. HP: 178/181 MP: 19/40
 69021 | Vaults:4 | Received a gift from Sif Muna
 69068 | Vaults:4 | Got Bopunera's Compendium of the Ninety-Nine People {god
                  | gift}
 69495 | Vaults:4 | Reached skill level 15 in Fighting
 71110 | Depths:1 | Entered Level 1 of the Depths
 71275 | D:15     | Received a gift from Sif Muna
 71338 | D:15     | Got Xituwn's Tome of Companions and Stones {god gift}
 71435 | Depths:1 | Found a gateway to Hell.
 71476 | Depths:1 | HP: 8/247 [fire dragon/blast of flame (12)]
 71484 | Depths:1 | Hit by a large rock thrown by a stone giant

Illustrated notes

Levels and vault maps discovered:
D:1:      lightli_arrival_flooded_house, layout_basic,
          hellmonk_ecumenical_altar_inner_sanctum, serial_shops, shop
D:2:      minmay_recursive_quarters, layout_rooms, minmay_octomino_c4,
          uniq_robin
D:3:      layout_basic, fedhas_altar_fruit_tree
D:4:      layout_basic, nicolae_overflow_hidden_temple,
          mainiacjoe_overflow_concentric_impassable, serial_shops,
          nicolae_shop_crystal, nicolae_diamond_shop, kennysheep_generic_room_13
D:5:      layout_loops_ring, mainiacjoe_overflow_six_doors_small, bloody_trog,
          old_standard_altar, general_overflow_altar, corexii_corridor_pit,
          minivault_27, lemuel_flame_loot_1
D:6:      layout_basic, kiku_gazebo_garden_becter,
          chequers_serial_rivers_room_a, uniq_menkaure
D:7:      layout_gridville, minmay_temple_entry_grid, enter_bailey_3,
          gammafunk_ghost_wrathful_warriors, minmay_increasing_density,
          uniq_pikel, uniq_maggie
D:8:      layout_loops_ring, zin_statuary, grunt_ministairs_14,
          kennysheep_nondescript, kennysheep_generic_room_10, uniq_erica
D:9:      layout_rooms, lemuel_crystal_altar, nicolae_uskayaw_suspiria,
          kennysheep_orc_monster_closet_entryway
D:10:     layout_loops_ring, okawaru_metal_pillars_1_2, lair_entry_dummy
D:11:     layout_rooms
D:12:     layout_long_grid, portal_ice_cave_entry_pillars_1, serial_shops, shop,
          minmay_statue_crystal_thing
D:13:     layout_roguey
D:14:     minmay_spotlight, layout_irregular_city, ximxim_vaults_locker_room,
          serial_park_tiny_1, grunt_tough_drop
D:15:     grunt_enter_depths_hoard, layout_cave_pools,
          nicolae_ru_the_path_less_chosen
Lair:1:   layout_chaotic_city
Lair:2:   layout_gridlike, patterned_corridor, grunt_megastairs_4
Lair:3:   layout_roguey, palyth_hydra_swamp_entry, lemuel_fruit_fields
Lair:4:   layout_regular_city, spider_nest_entry_webs,
          nicolae_lair_run_with_the_wolves, uniq_josephine
Lair:5:   layout_cave_pods
Lair:6:   minmay_lair_end_enchanted_forest, layout_cave_pods,
          dpeg_slime_entry_corner, nicolae_volcano_entry_batcave,
          grunt_megastairs_5
Swamp:1:  layout_basic_swamp, hangedman_swamp_cone, nicolae_swamp_soggy_hallways
Swamp:2:  layout_falls_marsh, evilmike_swamp_ruin_house_5
Swamp:3:  layout_basic_swamp, nicolae_swamp_orc_logging_accident, swamp_pool3
Swamp:4:  grunt_swamp_rune_castle, layout_basic_swamp, uniq_bai_suzhen
Spider:1: layout_spider_delve
Spider:2: layout_spider_delve, gammafunk_ghost_cemetery, uniq_azrael,
          uniq_frances
Spider:3: layout_spider_delve, uniq_arachne
Spider:4: spider_rune_water
Orc:1:    layout_diamond_mine, serial_shops, nicolae_shop_statue_plus
Orc:2:    st_orc_congregation, layout_diamond_mine, serial_shops, shop_statue,
          guppyfry_library_mini
Vaults:1: vaults_dpeg_hooks, nicolae_vaults_shelves_hall, grunt_vaults_focal,
          vaults_dpeg_cross, nicolae_vaults_big_ls, hangedman_vaults_slice,
          v_misc_27, nicolae_vaults_circle_grid_a, v_misc_27,
          layout_vaults_omnigrid, uniq_asterion
Vaults:2: nicolae_vaults_bisected_exclaves, grunt_vaults_hallway_short,
          st_more_cells, ontoclasm_vaults_ring_square, hangedman_vaults_nodes,
          v_misc_27, v_misc_29, nicolae_vaults_little_ls,
          hangedman_vaults_corner, vaults_mumra_lcd,
          nicolae_vaults_network_periphery, hangedman_vaults_impose,
          layout_vaults_maze_bifur, serial_shops,
          nicolae_shop_bloodbath_and_beyond, uniq_sojobo, uniq_margery
Vaults:3: minmay_crypt_entry_simple_walls, vaults_mumra_hexcomb,
          nicolae_vaults_asterisk, nicolae_vaults_network_quincunx
          [nicolae_vaults_network_quincunx_subvault,
          nicolae_vaults_network_quincunx_subvault,
          nicolae_vaults_network_quincunx_subvault,
          nicolae_vaults_network_quincunx_subvault,
          nicolae_vaults_network_quincunx_subvault], v_alt_pattern_5,
          nicolae_vaults_c_with_doors, v_misc_18,
          ontoclasm_vaults_loading_screen, vaults_mumra_chevron_long, v_misc_22,
          nicolae_vaults_little_squares_4, v_pattern_3,
          ontoclasm_vaults_ring_large, ontoclasm_vaults_chip, v_misc_23,
          layout_vaults_omnibox, serial_shops,
          nicolae_shop_temple_entry_statues_fountains, uniq_mara, uniq_mennas
Vaults:4: nicolae_vaults_quartermaster, nicolae_vaults_little_squares_5,
          nicolae_vaults_triangles, nicolae_vaults_network_square,
          nicolae_vaults_little_squares_1, vaults_room_boxed,
          vaults_room_door_ring, hangedman_vaults_slice, ontoclasm_vaults_chip,
          layout_vaults_chaotic_city
Depths:1: layout_cave_shapes, serial_glass, glass_columns_b, glass_columns_c,
          item_on_display_a, feat_on_display, hellmouth_3,
          infiniplex_enter_wizlab_water

Skill      XL: |  1  2  3  4  5  6  7  8  9 10 11 12 13 14 15 16 17 18 19 20 21 |
---------------+----------------------------------------------------------------+-----
Conjurations   | 5 6 8 9 10 13 14 17 18 | 18.0
Hexes          | 1 3 5 |  5.9
Invocations    | 1 7 10 11 | 11.0
Evocations     | 4 7 |  7.3
Spellcasting   | 4 5 8 9 10 13 15 | 15.2
Fighting       | 8 9 10 14 16 | 16.9
Dodging        | 8 |  8.7
Earth Magic    | 1 9 12 14 15 17 18 | 18.0
Shields        | 4 5 6 7 10 | 10.0
Necromancy     | 5 |  5.1
Transmutations | 3 |  3.1
Summonings     | 5 7 |  7.1
Stealth        | |  1.7

Action                   |  1- 3 |  4- 6 |  7- 9 | 10-12 | 13-15 | 16-18 | 19-21 || total
-------------------------+-------+-------+-------+-------+-------+-------+-------++-------
Melee: Unarmed           |     9 |       |       |       |       |       |       ||     9
       Punch             |     2 |       |       |       |       |       |       ||     2
       Dagger            |     8 |       |       |       |       |       |       ||     8
       Rapier            |       |     4 |     3 |     8 |    12 |       |       ||    27
       Tailslap          |       |       |       |       |     4 |     1 |       ||     5
       Staff             |       |       |       |       |       |     1 |       ||     1
 Cast: Magic Dart        |    51 |    49 |     1 |     1 |     5 |       |       ||   107
       Searing Ray       |    10 |    22 |     3 |     1 |       |       |       ||    36
       Fulminant Prism   |       |    20 |    86 |   235 |   136 |       |       ||   477
       Lee's Rapid Decon |       |       |       |    35 |   436 |    98 |    67 ||   636
       Iron Shot         |       |       |       |       |   124 |   398 |    72 ||   594
       Borgnjor's Vile C |       |       |       |       |    10 |    14 |     5 ||    29
       Tukima's Dance    |       |       |       |       |     3 |       |       ||     3
       Statue Form       |       |       |       |       |       |   219 |   138 ||   357
       Irradiate         |       |       |       |       |       |    76 |    44 ||   120
       Orb of Destructio |       |       |       |       |       |    32 |   139 ||   171
       Lehudib's Crystal |       |       |       |       |       |       |   138 ||   138
       Spellforged Servi |       |       |       |       |       |       |    31 ||    31
       Blink             |       |       |       |       |       |       |     4 ||     4
Invok: Channel Magic     |       |       |     2 |    16 |    20 |    21 |    18 ||    77
Evoke: Wand              |       |       |     1 |    13 |     5 |     4 |     2 ||    25
       Phantom mirror    |       |       |       |       |       |     2 |     1 ||     3
       Box of beasts     |       |       |       |       |       |     1 |     1 ||     2
  Use: Scroll            |       |     7 |    10 |    14 |     8 |     6 |     8 ||    53
       Potion            |       |       |       |     4 |       |     7 |     4 ||    15
 Stab: Paralysed         |       |       |       |     2 |       |       |       ||     2
Armor: Robe              |     2 |     3 |    13 |    23 |     2 |       |       ||    43
       Skin              |       |       |     5 |       |       |   447 |   232 ||   684
       Ring mail         |       |       |       |    23 |   151 |       |       ||   174
Dodge: Dodged            |    12 |    10 |    38 |    80 |   160 |   445 |   171 ||   916
Block: Kite shield       |       |       |       |       |   154 |   416 |    45 ||   615
       Buckler           |       |       |       |       |     4 |       |   121 ||   125
